 Dungeon Crawl Stone Soup version 0.13.1-2-gfb2c2b7 (webtiles) character file.

273 Lilouch the Skirmisher (level 5, 0/32 HPs)
             Began as a Tengu Abyssal Knight on Dec 4, 2013.
             Was a Priest of Lugonu.
             Hit by a spear thrown by a gnoll (7 damage)
             ... on Level 4 of the Dungeon.
             The game lasted 00:07:51 (2765 turns).

Lilouch the Skirmisher (Tengu Abyssal Knight)       Turns: 2765, Time: 00:07:51

HP   0/32        AC  3     Str 13      XL: 5   Next:  0%
MP   9/9         EV 11     Int 13      God: Lugonu [***...]
Gold 158         SH  0     Dex 13      Spells:  0 memorised,  4 levels left

Res.Fire  : . . .   See Invis. : .   a - +2 spear {=f}
Res.Cold  : . . .   Warding    : .   b - +0 leather armour
Life Prot.: . . .   Conserve   : +   (no shield)
Res.Poison: .       Res.Corr.  : .   (helmet restricted)
Res.Elec. : .       Clarity    : .   (no cloak)
Sust.Abil.: . .     Spirit.Shd : .   (no gloves)
Res.Mut.  : .       Stasis     : .   (boots unavailable)
Res.Rott. : .       Flight     : .   q - amulet of conservation {unknown}
Saprovore : . . .                    (no ring)
                                     (no ring)

@: slightly resistant to hostile enchantments, very unstealthy
A: able to fly, beak, talons 3
a: Fly, Depart the Abyss, Bend Space, Banish, Renounce Religion


You were on level 4 of the Dungeon.
You worshipped Lugonu.
Lugonu was most pleased with you.
You were not hungry.

You visited 1 branch of the dungeon, and saw 4 of its levels.
You visited the Abyss 1 time.

You collected 138 gold pieces.

Inventory:

Hand weapons
 a - a +2,+2 spear (weapon) {=f}
 m - a +2,+1 sling of evasion
Missiles
 i - 73 sling bullets
 n - 8 steel javelins (quivered)
Armour
 b - a +0 leather armour (worn)
Comestibles
 c - 2 bread rations
 g - a choko
 o - a meat ration
 z - a pear
Scrolls
 e - 2 scrolls of blinking {unknown}
 k - 2 scrolls of amnesia {unknown}
 l - 5 scrolls of identify {unknown}
 p - 4 scrolls of fear {unknown}
 r - a scroll of teleportation {unknown}
 u - a scroll of recharging {unknown}
 v - 2 scrolls of curse weapon {unknown}
 x - 2 scrolls of remove curse {unknown}
 y - a scroll of curse jewellery {unknown}
 C - a scroll of enchant weapon II {unknown}
 D - a scroll of curse armour {unknown}
Jewellery
 q - an amulet of conservation (around neck) {unknown}
 w - an uncursed amulet of clarity {unknown}
 E - an uncursed ring of poison resistance {unknown}
Potions
 d - a potion of brilliance {unknown}
 f - a potion of agility {unknown}
 h - 2 potions of speed {unknown}
 j - 2 potions of restore abilities {unknown}
 s - a potion of magic {unknown}
 t - a potion of beneficial mutation {unknown}
 A - a potion of confusion {unknown}
 B - a potion of curing {unknown}


   Skills:
 - Level 3.2 Fighting
 + Level 3.2 Polearms
 + Level 3.1 Armour
 + Level 2.1 Dodging
 + Level 2.7 Invocations


You had 4 spell levels left.
You didn't know any spells.

Dungeon Overview and Level Annotations

Branches:
Dungeon (4/27)
 Temple: D:4-7

Altars:


Innate Abilities, Weirdness & Mutations

You can fly.
You have a beak for a mouth.
You have claws for feet.


Message History

You are too injured to fight recklessly!
You are too injured to fight recklessly!
You are too injured to fight recklessly!
You are too injured to fight recklessly!
You are too injured to fight recklessly!
You are too injured to fight recklessly!
You are too injured to fight recklessly!
You are too injured to fight recklessly!
You are too injured to fight recklessly!
You are too injured to fight recklessly!
You are too injured to fight recklessly!
You are too injured to fight recklessly!
You are too injured to fight recklessly!
You are too injured to fight recklessly!
You are too injured to fight recklessly!
You are too injured to fight recklessly!
You are too injured to fight recklessly!
You are too injured to fight recklessly!
The gnoll throws a spear.
The spear hits you!
You die...

#.# #.#
#r# #g#
#g# #g# ##
#.# ..
#.#.###..#
#@........
##.......#
..###.#
..# ..#
..# ...
... #


You could see 3 gnolls and a rat.

Vanquished Creatures
  3 adders
  A gnoll (D:4)
  3 giant geckos
  6 bats (D:1)
  6 giant cockroaches
  11 goblins
  11 hobgoblins
  A ball python (D:3)
  4 giant newts
  6 jackals
  9 kobolds
  8 rats
69 creatures vanquished.

Notes
Turn   | Place    | Note
--------------------------------------------------------------
     0 | Abyss:1  | Lilouch, the Tengu Abyssal Knight, began the quest for the Orb.
     0 | Abyss:1  | Reached XP level 1. HP: 12/12 MP: 1/1
    24 | D:1      | Escaped the Abyss
   104 | D:1      | Reached XP level 2. HP: 14/17 MP: 3/3
   311 | D:1      | Acquired Lugonu's second power
   368 | D:1      | Reached XP level 3. HP: 18/22 MP: 5/5
  1513 | D:2      | Reached XP level 4. HP: 24/27 MP: 6/6
  2598 | D:3      | Acquired Lugonu's third power
  2758 | D:4      | Reached XP level 5. HP: 26/32 MP: 9/9
  2765 | D:4      | Hit by a spear thrown by a gnoll

Action                   |  1- 3 |  4- 6 || total
-------------------------+-------+-------++-------
Melee: Spear             |   115 |    66 ||   181
